 Dungeon Crawl Stone Soup version 0.28-a0-477-g0b43c73ce0 (webtiles) character file.

Game seed: 1439503789244669307

139 Dabor the Skirmisher (level 5, -1/42 HPs)
             Began as a Formicid Abyssal Knight on Sept 17, 2021.
             Was a Believer of Lugonu.
             Slain by Pikel (5 damage)
             ... on level 3 of the Dungeon.
             The game lasted 00:07:25 (3939 turns).

Dabor the Skirmisher (Formicid Abyssal Knight)      Turns: 3939, Time: 00:07:27

Health: -1/42      AC: 14    Str: 18    XL:     5   Next: 46%
Magic:  4/7        EV:  3    Int: 11    God:    Lugonu [**....]
Gold:   145        SH:  7    Dex: 10    Spells: 4/4 levels left

rFire   + . .      SeeInvis +   a - +1 spear
rCold   . . .      Faith    .   j - +0 kite shield
rNeg    . . .      Spirit   .   s - +0 plate armour {rF+}
rPois   .          Reflect  .   (helmet unavailable)
rElec   .          Harm     .   (no cloak)
rCorr   .          Rampage  .   p - +2 pair of gloves
Will    .....                   (no boots)
Stlth   ..........              (no amulet)
HPRegen 0.14/turn               (no ring)
MPRegen 0.10/turn               (no ring)

@: no status effects
A: permanent stasis, dig shafts and tunnels, antennae 3, four strong arms
a: Dig, Shaft Self, Renounce Religion, Depart the Abyss, Bend Space


You were on level 3 of the Dungeon.
You worshipped Lugonu.
Lugonu was pleased with you.
You visited 1 branch of the dungeon, and saw 4 of its levels.
You visited the Abyss 1 time.

You collected 145 gold pieces.

Inventory:

Hand Weapons
 a - a +1 spear (weapon)
Missiles
 l - 4 silver javelins
Armour
 b - a +0 leather armour
 j - a +0 kite shield (worn)
 k - a +0 ring mail
 p - a +2 pair of gloves (worn)
 s - a +0 plate armour of fire resistance (worn)
Scrolls
 d - a scroll of vulnerability {unknown}
 f - 2 scrolls of blinking
 n - a scroll of immolation {unknown}
 q - a scroll of silence {unknown}
 t - a scroll of magic mapping {unknown}
 u - a scroll of identify {unknown}
Potions
 c - a potion of cancellation {unknown}
 e - a potion of flight
 g - a potion of heal wounds
 i - a potion of lignification {unknown}
 o - a potion of invisibility {unknown}
 r - a potion of haste {unknown}


   Skills:
 + Level 3.9 Fighting
 + Level 2.6 Polearms
 + Level 1.1 Throwing
 + Level 3.0 Armour
 + Level 1.7 Dodging
 + Level 1.7 Shields
 + Level 3.2 Invocations


You had 4 spell levels left.
You didn't know any spells.
Your spell library was empty.

Dungeon Overview and Level Annotations

Branches:
Dungeon (4/15)
 Temple: D:4-7

Altars:
Dithmenos
Fedhas

Shops:
D:2 :

Annotations:
D:3 Pikel


Innate Abilities, Weirdness & Mutations

You cannot be hasted, slowed, berserked, paralysed or teleported.
You can dig through walls and to a lower floor.
You have a pair of large antennae on your head. (SInv)
Your four strong arms can wield two-handed weapons with a shield.


Message History

Aim: Pikel, wielding a +2 whip of flaming and wearing a +0 robe (moderately wounded, 40% to hit)
You throw a silver javelin. The silver javelin barely misses Pikel.
Throw: 6 javelins (silver)
Press: ? - help, Shift-Dir - straight line, f/p - Pikel
Aim: Pikel, wielding a +2 whip of flaming and wearing a +0 robe (moderately wounded, 45% to hit)
You throw a silver javelin.
The silver javelin pierces through Pikel!
Pikel is severely wounded.
Throw: 5 javelins (silver)
Press: ? - help, Shift-Dir - straight line, f/p - Pikel
Aim: Pikel, wielding a +2 whip of flaming and wearing a +0 robe (severely wounded, 40% to hit)
You throw a silver javelin. The silver javelin barely misses Pikel.
You hit Pikel.
Pikel is severely wounded.
Pikel hits you with a +2 whip of flaming!
* * * LOW HITPOINT WARNING * * *
Space bends around you!
You blink.
Space bends around you!
You blink.
As you read the scroll labelled BEXTAU WUGAOPN, it crumbles to dust.
Your stasis prevents you from teleporting.
It was a scroll of blinking.
As you read the scroll labelled VORHUA YQEFUBO, it crumbles to dust.
It is a scroll of amnesia.
You feel forgetful for a moment.
As you read the scroll labelled ODIYMAKUASS, it crumbles to dust.
You feel a strange sense of stasis.
It was a scroll of teleportation.
Your shield prevents you from hitting Pikel.
Pikel is severely wounded.
Pikel hits you but does no damage.
You closely miss Pikel.
Pikel is severely wounded.
You block Pikel's attack.
You hit Pikel.
Pikel is severely wounded.
Pikel hits you but does no damage.
You hit Pikel.
Pikel is almost dead.
Pikel completely misses you.
Pikel hits you with a +2 whip of flaming.
You die...

###.# #.###.#....#.# ###.#
#....<.....#.##### ....#
#..##.######.....#
#########..##.........##.#
#.....##########.##.#
######.###..........#.##.#######
.....#'############.#..#[......#
............#######.##.#######.#
................@K........(>)..#
............###.###.##.#########
............# #.##.....#
............# #.########
............# #.# ######.######
#.# #.## #.# #..# #.# ######..##
##'####


You could see Pikel.

Vanquished Creatures
  A howler monkey (D:2)
  Robin (D:3)
  A gnoll (D:3)
  An adder (D:3)
  6 orcs
  6 ball pythons
  2 bats
  5 endoplasms
  6 giant cockroaches
  3 hobgoblins
  2 jackals (D:2)
  2 kobolds
  2 quokkas
  2 frilled lizards
  15 goblins
  3 rats
58 creatures vanquished.

Notes
Turn   | Place    | Note
-------+----------+-------------------------------------------
     0 | Abyss:1  | Dabor the Formicid Abyssal Knight began the quest for the
                  | Orb.
     0 | Abyss:1  | Reached XP level 1. HP: 18/18 MP: 2/2
   252 | Abyss:1  | Noticed a glowing orange brain
   254 | Abyss:1  | Noticed a yak
   254 | Abyss:1  | a shapeshifter changed into a yak
   255 | Abyss:1  | Noticed a starcursed mass
   255 | Abyss:1  | Noticed a large abomination
   255 | D:1      | Escaped the Abyss
   539 | D:1      | Reached skill level 1 in Dodging
   613 | D:1      | Reached XP level 2. HP: 19/24 MP: 3/3
   896 | D:1      | Found a faded altar of an unknown god.
  1380 | D:2      | Found a shadowy altar of Dithmenos.
  1383 | D:2      | Reached * piety under Lugonu
  1447 | D:2      | Reached XP level 3. HP: 13/29 MP: 4/4
  1926 | D:2      | Reached skill level 1 in Shields
  1926 | D:2      | Reached XP level 4. HP: 27/36 MP: 6/6
  2119 | D:2      | Found Coasoong's Book Emporium.
  2312 | D:3      | Noticed Robin
  2342 | D:3      | Killed Robin
  2343 | D:3      | Reached XP level 5. HP: 14/42 MP: 7/7
  2747 | D:3      | Reached skill level 1 in Throwing
  2990 | D:3      | Reached ** piety under Lugonu
  3912 | D:4      | Noticed Pikel
  3912 | D:4      | Noticed a lemure
  3912 | D:4      | Noticed a lemure
  3912 | D:4      | Found a blossoming altar of Fedhas.
  3912 | D:4      | Noticed a lemure
  3912 | D:4      | Noticed an ogre
  3912 | D:4      | Noticed a lemure
  3939 | D:3      | Slain by Pikel

Illustrated notes

Levels and vault maps discovered:
D:1:      matt_arrival_diagonals, layout_loops_ring,
          shapermc_ecumenical_altar_mp_vishouse
D:2:      layout_rooms, basic_altar, serial_shops, shop_statue
D:3:      layout_basic, grunt_decor_mini_mirrors, uniq_robin
D:4:      old_forge, layout_loops_ring, mainiacjoe_overflow_alcove_1,
          portal_sewer_entry_b, hangedman_abyss_or_decor_passed, uniq_pikel

Skill      XL: |  1  2  3  4  5 |
---------------+----------------+-----
Dodging        | 1 |  1.7
Shields        | 1 |  1.7
Invocations    | 3 |  3.2
Throwing       | 1 |  1.1
Armour         | 3 |  3.0
Fighting       | |  3.9
Polearms       | |  2.6

Action                   |  1- 3 |  4- 6 || total
-------------------------+-------+-------++-------
Melee: Spear             |   101 |   129 ||   230
Throw: Javelin           |       |     3 ||     3
Invok: Depart the Abyss  |     1 |       ||     1
       Bend Space        |       |    14 ||    14
  Use: Scroll            |       |     3 ||     3
       Potion            |       |     2 ||     2
Armor: Leather armour    |     4 |       ||     4
       Ring mail         |    49 |    34 ||    83
       Plate armour      |       |    40 ||    40
Dodge: Dodged            |    50 |    31 ||    81
Block: Kite shield       |    25 |    59 ||    84

Table legend: (Time is in decaauts)
 A = Elapsed time spent in this place.
 B = Non-inter-level travel time spent in this place.
 C = Inter-level travel time spent in this place.
 D = Time resting spent in this place.
 E = Time spent auto-exploring this place.
 F = Levels seen in this place.
 G = Mean time per level.
                   A        B        C        D        E       F      G
               +--------+--------+--------+--------+--------+-----+--------+
         Total |   3994 |   3776 |    218 |    780 |   2318 |   5 |  798.8 |
       Dungeon |   3739 |   3521 |    218 |    780 |   2105 |   4 |  934.8 |
         Abyss |    255 |    255 |      0 |      0 |    213 |   1 |  255.0 |
               +--------+--------+--------+--------+--------+-----+--------+

Top non-repeatable levels by time:
     D:3: 1617 daAuts
     D:2: 1030 daAuts
     D:1: 998 daAuts
 Abyss:1: 255 daAuts
     D:4: 93 daAuts
